 Dungeon Crawl Stone Soup version 0.17.2 (webtiles) character file.

58 Charly the Insei (level 4, -8/21 HPs)
             Began as a Vine Stalker Transmuter on July 13, 2016.
             Mangled by an iguana (9 damage)
             ... on level 4 of the Dungeon.
             The game lasted 00:07:41 (384 turns).

Charly the Insei (Vine Stalker Transmuter)           Turns: 384, Time: 00:07:41

Health: -8/21      AC:  3    Str: 12    XL:     4   Next: 1%
Magic:  0/8        EV: 12    Int: 14    God:
Gold:   22         SH:  0    Dex: 15    Spells: 3 memorised, 1 level left

rFire  . . .     SeeInvis .       - Unarmed
rCold  . . .     Clarity  .     b - +0 robe
rNeg   . . .     SustAt   .     (no shield)
rPois  .         Gourm    .     g - +0 helmet
rElec  .         Spirit   +     (no cloak)
rCorr  .         Warding  .     (no gloves)
rMut   +         Stasis   .     (no boots)
MR     .....                    M - amulet of resist mutation
Stlth  +.........               (no ring)
                                (no ring)

@: not resistant to hostile enchantments, very unstealthy
A: fangs 2, regeneration 1, magic shield, antimagic bite, no device heal 3, rot
immunity
a: no special abilities


You were on level 4 of the Dungeon.
You were not hungry.

You visited 1 branch of the dungeon, and saw 4 of its levels.

You collected 22 gold pieces.

Inventory:

Missiles
 a - 7 arrows
Armour
 b - a +0 robe (worn)
 g - a +0 helmet (worn)
Jewellery
 M - an amulet of resist mutation (around neck)
Scrolls
 e - a scroll of enchant armour {unknown}
 j - a scroll of recharging {unknown}
 k - 2 scrolls of remove curse
Potions
 h - a potion of lignification {unknown}
 i - a potion of magic
 l - a potion of curing
Books
 c - a book of Changes

   Spells                             Type                      Level
   a - Beastly Appendage              Transmutation                1
   b - Sticks to Snakes               Transmutation                2
   c - Spider Form                    Transmutation/Poison         3
   d - Ice Form                       Ice/Transmutation            4
   e - Blade Hands                    Transmutation                5
Comestibles
 d - a bread ration


   Skills:
 - Level 0.8 Fighting
 - Level 1.5 Dodging
 + Level 4.1 Unarmed Combat
 - Level 2.1 Spellcasting
 - Level 3.0 Transmutations


You had one spell level left.
You knew the following spells:

 Your Spells              Type           Power        Failure   Level  Hunger
b - Beastly Appendage     Trmt           #.....       10%         1    #......
s - Sticks to Snakes      Trmt           #.........   12%         2    ###....
S - Spider Form           Trmt/Pois      #.........   38%         3    ###....


Dungeon Overview and Level Annotations

Branches:
Dungeon (4/15)
 Temple: D:4-7

Altars:

Annotations:
D:3 exclusion: downstairs


Innate Abilities, Weirdness & Mutations

You have extremely sharp teeth.
Your natural rate of healing is unusually fast.
When hurt, damage is shared between your health and your magic reserves.
Your bite disrupts and absorbs the magic of your enemies.
Potions and wands cannot restore your health.
You are immune to rotting.


Message History

The worker ant is severely wounded.
The worker ant bites you.
You are poisoned.
The worker ant poisons you!
Casting: Sticks to Snakes
Confirm with . or Enter, or press ? or * to list all spells.
You create a snake!
You feel sick. The worker ant bites you. The worker ant bites you.
* * * LOW HITPOINT WARNING * * *
Unknown command.
* * * LOW HITPOINT WARNING * * *
You feel sick.
Your ball python barely misses the iguana. x2
The iguana barely misses you.
Drink which item? (? for menu, Esc to quit)
You feel better. The worker ant barely misses you.
Your ball python bites the iguana but does no damage.
Your ball python closely misses the iguana.
The iguana bites you!
You die...

.........#####...##.#
..............# #......#
..........g..(# #...####
............g.# ##.##
.........g....# ##.#
..............# ##..#
.........g...!###...###
.....>..l..<.##.S.....#
.......glr..###.@lr...#
..##..g###### ###a..###
.###.#..### ###l..#
.........l######r.s#.##
.......#....##l.......#
...........g.g.s......#
.......#..............#
...........#...#####.†.#
........##....##
##......


You could see a scorpion, 2 iguanas, a worker ant, a quokka and a friendly ball
python.

Vanquished Creatures
  A worker ant (D:4)
  Robin (D:2)
  A giant gecko (D:2)
  7 goblins
  2 hobgoblins (D:2)
  7 jackals
  2 bats (D:1)
  2 giant newts (D:1)
  A kobold (D:1)
  2 rats (D:1)
26 creatures vanquished.

Notes
Turn   | Place    | Note
--------------------------------------------------------------
     0 | D:1      | Charly the Vine Stalker Transmuter began the quest for the Orb.
     0 | D:1      | Reached XP level 1. HP: 9/9 MP: 4/4
    60 | D:1      | Reached XP level 2. HP: 9/14 MP: 4/6
    68 | D:1      | Learned a level 2 spell: Sticks to Snakes
   171 | D:2      | Noticed Robin
   177 | D:2      | Killed Robin
   177 | D:2      | Reached skill level 4 in Unarmed Combat
   177 | D:2      | Reached XP level 3. HP: 17/17 MP: 5/7
   178 | D:2      | 47%
   201 | D:2      | Learned a level 3 spell: Spider Form
   214 | D:4      | Noticed a phantom
   214 | D:4      | Noticed a scorpion
   309 | D:4      | Reached XP level 4. HP: 12/21 MP: 1/8
   356 | D:4      | Noticed a scorpion
   383 | D:4      | HP: 1/21 [poisoned by a worker ant]
   384 | D:4      | Mangled by an iguana

Action                   |  1- 3 |  4- 6 || total
-------------------------+-------+-------++-------
Melee: Unarmed           |    93 |    13 ||   106
 Cast: Sticks to Snakes  |     3 |     2 ||     5
  Use: Scroll            |       |     3 ||     3
       Potion            |       |     1 ||     1
 Stab: Distracted        |     1 |       ||     1
